 Dungeon Crawl Stone Soup version 0.26-a0-712-ga5a9c9c9d0 (webtiles) character file.

Game seed: 12800344573920009291

279 kae the Changer (level 6, -3/76 HPs)
             Began as a Naga Transmuter on Nov 5, 2020.
             Slain by Edmund
             ... wielding a +4 dire flail of protection
              (5 damage)
             ... on level 4 of the Dungeon.
             The game lasted 00:03:56 (4557 turns).

kae the Changer (Naga Transmuter)                   Turns: 4557, Time: 00:03:57

Health: -3/76      AC: 23    Str: 14    XL:     6   Next: 26%
Magic:  8/10       EV:  1    Int: 14    God:
Gold:   164        SH:  0    Dex: 11    Spells: 6/10 levels left

rFire    . . .     SeeInvis +   c - -1 hand axe (curse)
rCold    . . .     Faith    .   (no shield)
rNeg     + + +     Spirit   .   (armour currently unavailable)
rPois    +         Reflect  .   (helmet currently unavailable)
rElec    .         Harm     .   (cloak currently unavailable)
rCorr    .         Rampage  .   (gloves currently unavailable)
MR       .....     NoTele   +   (no barding)
Stlth    +.........             (no amulet)
HPRegen  0.22/turn              o - ring of wizardry (curse)
MPRegen  0.12/turn              (no ring)

@: tree-form
A: large, see invisible, spit poison 1, AC +2
a: Spit Poison


You were on level 4 of the Dungeon.
You were a tree.
You visited 1 branch of the dungeon, and saw 4 of its levels.

You collected 185 gold pieces.
You spent 21 gold pieces at shops.

Inventory:

Hand Weapons
 b - a -2 mace
 c - a cursed -1 hand axe (weapon)
Armour
 a - a +1 robe (melded)
Jewellery
 o - a cursed ring of wizardry (left branch)
Scrolls
 l - a scroll of teleportation
Potions
 d - 2 potions of cancellation
 e - a potion of curing
 h - a potion of resistance
 i - a potion of lignification
 k - 2 potions of magic
 m - a potion of stabbing {unknown}
 p - a potion of degeneration {unknown}


   Skills:
 - Level 1.0 Fighting
 - Level 1.5 Dodging
 + Level 4.1 Unarmed Combat
 + Level 2.8 Spellcasting
 * Level 4.6 Transmutations
 - Level 3.0 Poison Magic


You had 6 spell levels left.
You knew the following spells:

 Your Spells              Type           Power        Failure   Level
a - Beastly Appendage     Tmut           ##....       1%          1
b - Spider Form           Tmut/Pois      ##........   6%          3

Your spell library contained the following spells:

 Spells                   Type           Power        Failure   Level
 Wereblood                Tmut           ##......     1%          2
 Ice Form                 Ice/Tmut       #.......     32%         4
 Blade Hands              Tmut           ##........   34%         5


Dungeon Overview and Level Annotations

Branches:
Dungeon (4/15)
 Temple: D:4-7

Altars:
Elyvilon
Kikubaaqudgha
Uskayaw
Zin

Shops:
D:4 *

Annotations:
D:4 Edmund


Innate Abilities, Weirdness & Mutations

You cannot wear boots.
((Your serpentine skin is tough. (AC +2)))
You have supernaturally acute eyesight. (SInv)
((Armour fits poorly on your strangely shaped body.))
((Your system is resistant to poisons. (rPois)))
((You cover ground very slowly.))
You can spit poison.


Message History

Edmund says, "You wouldn't believe how much I paid for this flail."
Edmund hits you with a +4 dire flail of protection!
You barely miss Edmund.
Edmund is lightly wounded.
Edmund hits you with a +4 dire flail of protection!
* * * LOW HITPOINT WARNING * * *
You hit Edmund but do no damage.
Edmund looks as sick as possible!
Edmund is moderately wounded.
You bite Edmund!
Edmund is heavily wounded.
Edmund hits you with a +4 dire flail of protection!
* * * LOW HITPOINT WARNING * * *
Okay, then.
Really quaff the potion of lignification?
Your transformation has ended.
Your cursed -1 hand axe unmelds from your body.
Your +1 robe unmelds from your body.
You turn into a tree.
Your +1 robe melds into your body.
Your roots penetrate the ground.
Edmund hits you with a +4 dire flail of protection.
You die...

### ##_## ##...##
#8...8# #...# ##.##
### ###♣#†# #..
#.'..†♣ #.# #.#♣#♣#
#.# #.# #@# ########
#.# #.# ... #....[.#
#.# #.#8...8#####..#
#.##
#.##...######..####...
#.###_##.[............
#.######.####..######.
#..............# #.
###.......<....# #.


You could see Edmund (extremely poisoned).

Vanquished Creatures
  Blork the orc (D:4)
  An orc priest (D:3)
  2 worker ants
  An adder (D:3)
  A gnoll (D:1)
  3 oozes
  3 worms
  4 dart slugs
  3 leopard geckos (D:3)
  5 orcs
  5 giant cockroaches
  14 goblins
  5 hobgoblins
  6 jackals
  A quokka (D:2)
  2 ball pythons
  7 bats
  4 frilled lizards
  5 kobolds
  7 rats
80 creatures vanquished.

Vanquished Creatures (others)
  6 toadstools (D:4)
  2 withered plants (D:2)
8 creatures vanquished.

Grand Total: 88 creatures vanquished

Notes
Turn   | Place    | Note
-------+----------+-------------------------------------------
     0 | D:1      | kae the Naga Transmuter began the quest for the Orb.
     0 | D:1      | Reached XP level 1. HP: 18/18 MP: 3/3
   466 | D:1      | Reached XP level 2. HP: 14/25 MP: 5/5
   773 | D:1      | Reached XP level 3. HP: 25/31 MP: 6/6
  1481 | D:2      | Learned a level 3 spell: Spider Form
  1843 | D:2      | Reached skill level 1 in Poison Magic
  1843 | D:2      | Reached XP level 4. HP: 28/38 MP: 2/7
  2474 | D:2      | Found an ancient bone altar of Kikubaaqudgha.
  3409 | D:3      | Reached XP level 5. HP: 21/44 MP: 4/8
  4003 | D:3      | Found a white marble altar of Elyvilon.
  4234 | D:4      | Found Ommogag's Assorted Antiques.
  4241 | D:4      | Bought a green potion for 21 gold pieces
  4247 | D:4      | Noticed Blork the orc
  4256 | D:4      | Killed Blork the orc
  4256 | D:4      | Reached XP level 6. HP: 38/51 MP: 5/10
  4507 | D:4      | Found a glowing silver altar of Zin.
  4541 | D:4      | Found a hide-covered altar of Uskayaw.
  4541 | D:4      | Noticed Edmund
  4556 | D:4      | HP: 1/51 [Edmund/+4 dire flail of protection (9)]
  4557 | D:4      | Slain by Edmund

Illustrated notes

Levels and vault maps discovered:
D:1:      lemuel_arrival_room, layout_loops_ring
D:2:      layout_basic, kiku_gazebo_garden_becter
D:3:      layout_rooms, lemuel_round_altar
D:4:      cheibrodos_fertilizer, layout_loops_cross, lemuel_blue_sif_altar,
          amethyst_overflow_temple_binary, serial_shops,
          nicolae_shop_overgrown_old_shop, gammafunk_ghost_stat_death,
          hangedman_decor_push, uniq_edmund, uniq_blork_the_orc

Skill      XL: |  1  2  3  4  5 |
---------------+----------------+-----
Transmutations | 3 4 |  4.6
Poison Magic   | 1 2 3 |  3.0
Unarmed Combat | 4 |  4.1
Fighting       | |  1.0
Dodging        | |  1.5
Spellcasting   | |  2.8

Action                   |  1- 3 |  4- 6 || total
-------------------------+-------+-------++-------
Melee: Mace              |    28 |       ||    28
       Headbutt          |     6 |     6 ||    12
       Hand axe          |    18 |    95 ||   113
       Unarmed           |       |    69 ||    69
       Punch             |       |     1 ||     1
 Cast: Beastly Appendage |    13 |    12 ||    25
       Spider Form       |       |    14 ||    14
 Abil: Spit Poison       |    18 |    17 ||    35
  Use: Scroll            |     4 |     8 ||    12
       Potion            |     1 |     2 ||     3
Armor: Robe              |    11 |    40 ||    51
       Skin              |       |     3 ||     3
Dodge: Dodged            |    46 |   130 ||   176

Table legend: (Time is in decaauts)
 A = Elapsed time spent in this place.
 B = Non-inter-level travel time spent in this place.
 C = Inter-level travel time spent in this place.
 D = Time resting spent in this place.
 E = Time spent auto-exploring this place.
 F = Levels seen in this place.
 G = Mean time per level.
                   A        B        C        D        E       F      G
               +--------+--------+--------+--------+--------+-----+--------+
         Total |   5310 |   5255 |     55 |    432 |   4137 |   4 | 1327.5 |
       Dungeon |   5310 |   5255 |     55 |    432 |   4137 |   4 | 1327.5 |
               +--------+--------+--------+--------+--------+-----+--------+

Top non-repeatable levels by time:
     D:2: 2141 daAuts
     D:1: 1716 daAuts
     D:3: 1037 daAuts
     D:4: 415 daAuts
